 Dungeon Crawl Stone Soup version 0.31.0-11-ge490571c62 (webtiles) character file.

Game seed: 697745636619584904

132 ezpacito the Trooper (level 4, 0/37 HPs)
             Began as a Demonspawn Berserker on Jan 29, 2024.
             Was a Follower of Trog.
             Slain by Grinder (6 damage)
             ... on level 4 of the Dungeon on Jan 30, 2024.
             The game lasted 00:04:04 (3247 turns).

ezpacito the Trooper (Demonspawn Berserker)         Turns: 3247, Time: 00:04:04

Health: 0/37       AC: 13    Str: 17    XL:     4   Next: 92%
Magic:  4/4        EV: 11    Int: 18    God:    Trog [*.....]
Gold:   200        SH:  0    Dex: 18    Spells: 3/3 levels left

rFire   . . .        t - +0 war axe
rCold   . . .        (no shield)
rNeg    . . .        m - +5 ring mail "Yttoofru" {Int+4 Dex+4}
rPois   .            c - +0 helmet
rElec   .            (no cloak)
rCorr   .            (no gloves)
SInv    .            (no boots)
Will    .....        o - amulet of the acrobat
Stlth   +            n - +6 ring of intelligence
HPRegen 0.26/turn    (no ring)
MPRegen 0.09/turn

%: acrobat
@: on berserk cooldown, hasted and slowed
A: icy blue scales 1, screaming 1
a: Renounce Religion, Berserk


You were on level 4 of the Dungeon.
You worshipped Trog.
Trog was aware of your devotion.
You visited 1 branch of the dungeon, and saw 4 of its levels.

You collected 200 gold pieces.

Inventory:

Hand Weapons
 e - a +2 dagger of venom
 h - a +2 short sword of electrocution
 s - a +0 rapier of flaming
 t - a +0 war axe (weapon)
Missiles
 j - 4 darts of dispersal (quivered)
 k - 3 poisoned darts
 r - 24 stones
Armour
 c - a +0 helmet (worn)
 m - the +5 ring mail "Yttoofru" (worn) {Int+4 Dex+4}
   (You found it on level 2 of the Dungeon)

   Int+4:     It affects your intelligence (+4).
   Dex+4:     It affects your dexterity (+4).
Jewellery
 n - a +6 ring of intelligence (left hand)
 o - an amulet of the acrobat (around neck)
Talismans
 p - a flux talisman
Scrolls
 b - a scroll of acquirement
 i - 3 scrolls of enchant armour
 l - a scroll of teleportation
Potions
 f - a potion of brilliance {unknown}
 q - a potion of invisibility {unknown}


   Skills:
 * Level 3.6 Fighting
 * Level 3.6 Axes
 * Level 2.5 Armour
 * Level 2.1 Dodging
 * Level 1.0 Stealth
 * Level 1.1 Unarmed Combat


You had 3 spell levels left.
You didn't know any spells.
Your spell library was empty.

Dungeon Overview and Level Annotations

Branches:
Dungeon (4/15)
 Temple: D:4-7

Altars:

Shops:
D:1 *

Annotations:
D:4 Grinder


Innate Abilities, Weirdness & Mutations

You are partially covered in icy blue scales. (AC +2)
You occasionally shout uncontrollably at your foes.


Message History

It was a potion of mutation.
You feel extremely strange.
You feel a little pissed off.
Your system partially rejects the healing effects of potions.
Grinder gestures at you.
You shrug off the repeated paralysis!
Okay, then.
Okay, then.
You feel extremely strange.
You feel a little more calm.
Your system completely accepts the healing effects of potions.
You feel the urge to shout. Grinder hits you but does no damage. x2
Okay, then.
You hit Grinder but do no damage. Grinder gestures at you.
You resist with significant effort. Grinder barely misses you.
Okay, then.
Okay, then.
It was a potion of haste.
You feel yourself speed up. Grinder gestures at you.
Pain shoots through your body!
* * * LOW HITPOINT WARNING * * *
You barely miss Grinder. Grinder barely misses you.
You hit Grinder but do no damage. Grinder closely misses you.
Grinder hits you but does no damage.
You slash Grinder!
Grinder is moderately wounded.
Grinder barely misses you.
You closely miss Grinder.
Grinder is moderately wounded.
Grinder gestures at you. Pain shoots through your body!
* * * LOW HITPOINT WARNING * * *
You hit Grinder.
Grinder is heavily wounded.
Grinder hits you but does no damage. Grinder hits you.
* * * LOW HITPOINT WARNING * * *
You writhe in agony.
You die...
Grinder says, "Now the real fun starts!"

+....#.#### #.#.# #
#......... #.#.. ..
#....#...#####.#.# S..
#......†.......#.# ..##
#.........####<#.##.....
#......<#..............#
####..#.######.#.###+#..
.........# #..#.#
#######@.# #.##.#
#...5.......##.#
#####.########.# #.. ..#
### ###


You could see Grinder.

Vanquished Creatures
  An orc priest (D:3)
  An orc wizard (D:3)
  Terence (D:3)
  An adder (D:2)
  6 orcs (D:3)
  3 endoplasms
  3 giant cockroaches
  5 goblins
  2 hobgoblins
  3 kobolds (D:3)
  5 quokkas
  A ball python (D:2)
  3 frilled lizards
  3 rats
38 creatures vanquished.

Notes
Turn   | Place    | Note
-------+----------+-------------------------------------------
     0 | D:1      | ezpacito the Demonspawn Berserker began the quest for the
                  | Orb.
     0 | D:1      | Reached XP level 1. HP: 18/18 MP: 1/1
    31 | D:1      | Found a faded altar of an unknown god.
   403 | D:1      | Found Zoxuh's Assorted Antiques.
   835 | D:2      | Gained mutation: You are partially covered in icy blue
                  | scales. (AC +2) [demonic ancestry]
   835 | D:2      | Reached XP level 2. HP: 21/24 MP: 2/2
   872 | D:2      | Identified the +5 ring mail "Yttoofru" {Int+4 Dex+4}
  1546 | D:2      | Reached XP level 3. HP: 29/29 MP: 3/3
  1757 | D:2      | Identified a scroll of acquirement
  2274 | D:3      | Reached XP level 4. HP: 36/36 MP: 4/4
  2276 | D:3      | Reached skill level 1 in Unarmed Combat
  2283 | D:3      | Reached skill level 1 in Stealth
  2472 | D:3      | Noticed Terence
  2480 | D:3      | Killed Terence
  3226 | D:4      | Noticed Grinder
  3236 | D:4      | Paralysed by Grinder for 4 turns
  3239 | D:4      | Gained mutation: You sometimes lose your temper in combat.
                  | [potion of mutation]
  3239 | D:4      | Gained mutation: Potions are less effective at restoring
                  | your health. [potion of mutation]
  3240 | D:4      | Lost mutation: You sometimes lose your temper in combat.
                  | [potion of mutation]
  3240 | D:4      | Lost mutation: Potions are less effective at restoring your
                  | health. [potion of mutation]
  3240 | D:4      | Gained mutation: You occasionally shout uncontrollably at
                  | your foes. [potion of mutation]
  3247 | D:4      | Slain by Grinder

Illustrated notes

Levels and vault maps discovered:
D:1:      tarquinn_simple_flora_water_d, layout_basic,
          hellmonk_ecumenical_altar_pennies_from_heaven, serial_shops,
          nicolae_shop_waterfront, minmay_misc_feat_iff,
          nicolae_concentric_dashed_squares_mild
D:2:      layout_loops_corners
D:3:      layout_basic, uniq_terence
D:4:      layout_basic, uniq_grinder

Skill      XL: |  1  2  3  4 |
---------------+-------------+-----
Axes           | 3 |  3.6
Dodging        | 2 |  2.1
Armour         | 2 |  2.5
Unarmed Combat | 1 |  1.1
Stealth        | 1 |  1.0
Fighting       | |  3.6

Action                     |  1- 3 |  4- 6 || total
---------------------------+-------+-------++-------
  Melee: Hand axe          |    97 |     9 ||   106
         War axe           |       |    28 ||    28
 Invoke: Berserk           |     2 |     2 ||     4
    Use: Scroll            |     3 |     2 ||     5
         Potion            |       |     5 ||     5
   Stab: Sleeping          |     1 |       ||     1
 Armour: Chain mail        |    13 |       ||    13
         Animal skin       |     4 |       ||     4
         Ring mail         |    31 |    27 ||    58
  Dodge: Dodged            |    64 |    22 ||    86
